 Dungeon Crawl Stone Soup version 0.30.0-5-g1a98f26d00 (webtiles) character file.

Game seed: 10691640586086814454

544 fozzywoppz the Trooper (level 7, -1/44 HPs)
             Began as a Gargoyle Fighter on May 11, 2023.
             Slain by a small abomination (10 damage)
             ... on level 3 of the Dungeon.
             The game lasted 00:04:33 (2706 turns).

fozzywoppz the Trooper (Gargoyle Fighter)           Turns: 2706, Time: 00:04:34

Health: -1/44      AC: 14    Str: 19    XL:     7   Next: 27%
Magic:  0/7        EV:  7    Int:  9    God:
Gold:   60         SH:  5    Dex: 11    Spells: 6/6 levels left

rFire   . . .        e - +0 morningstar
rCold   . . .        c - +0 buckler
rNeg    + . .        o - +0 chain mail
rPois   ∞            (no helmet)
rElec   +            (no cloak)
rCorr   .            (no gloves)
SInv    .            (no boots)
Will    .....        d - amulet of guardian spirit Stlth
                     (no ring)
HPRegen 0.27/turn    (no ring)
MPRegen 0.10/turn

%: guardian spirit
@: no status effects
A: sickness immunity, AC +4, negative energy resistance 1, electricity
resistance, torment resistance 1, petrification resistance
a: no special abilities


You were on level 3 of the Dungeon.
You visited 1 branch of the dungeon, and saw 3 of its levels.

You collected 60 gold pieces.

Inventory:

Hand Weapons
 e - a +0 morningstar (weapon)
Missiles
 k - 2 javelins (quivered)
Armour
 c - a +0 buckler (worn)
 o - a +0 chain mail (worn)
Jewellery
 d - an amulet of guardian spirit (around neck)
 h - a ring of wizardry
 l - an amulet of the acrobat
Scrolls
 f - 2 scrolls of vulnerability
 g - a scroll of identify
 j - a scroll of acquirement {unknown}
Potions
 m - a potion of curing


   Skills:
 + Level 5.4 Fighting
 + Level 4.5 Maces & Flails
 - Level 5.0 Armour
 - Level 5.0 Shields


You had 6 spell levels left.
You didn't know any spells.
Your spell library was empty.

Dungeon Overview and Level Annotations

Branches:
Dungeon (3/15)

Altars:

Shops:
D:2 =

Portals:
Abyss: D:3

Annotations:
D:3 1 transporter, GreenGuy14's ghost, amateur DsMo


Innate Abilities, Weirdness & Mutations

You are immune to sickness and miasma.
Your stone body is resilient. (AC +4)
You are immune to poison.
You resist negative energy. (rN+)
You are resistant to electric shocks. (rElec)
You are resistant to unholy torment.
You are immune to petrification.


Message History

Search for what [? for help]? chain
Items here: ( ))) [ ÷÷÷.
o - a +0 chain mail You start removing your armour.
You continue taking off your +0 scale mail. x4
You finish taking off your +0 scale mail.
You start putting on your armour.
You continue putting on your +0 chain mail. x5
You finish putting on your +0 chain mail.
You drop a +0 scale mail.
You drop a +0 flail.
Partly explored, unvisited transporter.
Partly explored, unvisited transporter.
There is a transporter here.
You enter the transporter and appear at another place.
It was a potion of heal wounds.
You feel much better.
You closely miss the small abomination. The small abomination hits you. x2
The small abomination hits you! The small abomination hits you.
Unknown command.
Unknown command.
The small abomination attacks as you move away!
The small abomination hits you but does no damage.
The small abomination barely misses you.
The small abomination attacks as you move away!
The small abomination barely misses you.
An iron imp comes into view.
The iron imp shouts, "Decamp, thou beslubbering miscreant buzzard-bait!"
You hear a shout!
The small abomination hits you but does no damage.
Unknown command.
You thump the small abomination!
The small abomination is heavily damaged.
The small abomination barely misses you. x2
The small abomination hits you!
* * * LOW HITPOINT WARNING * * *
Unknown command.
As you read the scroll labelled UMUMPUZUDO, it crumbles to dust.
The scroll dissolves into smoke.
It was a scroll of fog.
The small abomination hits you!
You die...

#...###.##.####.##.......##
#######...#####W∩. #...#.....#...
#.........#...W###..##©#.....#.##
#.........##...###...#g##....#.##
#..........#..##..###...##...#.##
#..........##..#.##.#.x.##...#.##
............##§#5#..##g##....#.##
.............#§x§##..###.....#.#.
.....###.....#.#@§#..........#.+.
.......#...###.##x##.........###.
######.....# .#.©x§#####..[..'...
##...##.#.###..##.##....###.
#...#$#.##©###....#....# #.
#...##.##..###.####.)..# #.
#....###....####.......# #.
##.....................# #.
#.................)...# #.


You could see 3 small abominations and an iron imp.

Vanquished Creatures
  Sigmund (D:2)
  A water moccasin (D:3)
  A centaur (D:3)
  A phantom (D:3)
  An orc wizard (D:3)
  4 adders (D:3)
  2 dart slugs
  6 orcs (D:3)
  5 ball pythons
  3 bats (D:3)
  2 endoplasms
  2 giant cockroaches (D:1)
  A goblin (D:3)
  A hobgoblin (D:3)
  4 jackals (D:1)
  8 kobolds
  3 quokkas
  2 frilled lizards (D:1)
  2 rats (D:1)
50 creatures vanquished.

Notes
Turn   | Place    | Note
-------+----------+-------------------------------------------
     0 | D:1      | fozzywoppz the Gargoyle Fighter began the quest for the
                  | Orb.
     0 | D:1      | Reached XP level 1. HP: 14/14 MP: 1/1
   280 | D:1      | Reached XP level 2. HP: 18/19 MP: 2/2
   352 | D:1      | Found a faded altar of an unknown god.
   925 | D:2      | Noticed Sigmund
   935 | D:2      | Killed Sigmund
   936 | D:2      | Reached XP level 3. HP: 7/24 MP: 3/3
   936 | D:2      | Reached XP level 4. HP: 9/30 MP: 4/4
   936 | D:2      | Reached XP level 5. HP: 10/34 MP: 5/5
  1280 | D:2      | Found Gasiod's Jewellery Boutique.
  1696 | D:3      | Noticed a centaur
  1725 | D:3      | Reached XP level 6. HP: 24/39 MP: 4/6
  2091 | D:3      | Found a transporter.
  2104 | D:3      | Noticed a small abomination
  2108 | D:3      | Found a one-way gate to the infinite horrors of the Abyss.
  2108 | D:3      | Noticed GreenGuy14's ghost (amateur DsMo)
  2120 | D:3      | Found a transporter.
  2120 | D:3      | Noticed a small abomination
  2120 | D:3      | Noticed a small abomination
  2311 | D:3      | Noticed a water moccasin
  2337 | D:3      | Killed a water moccasin
  2338 | D:3      | Reached skill level 5 in Fighting
  2338 | D:3      | Reached skill level 5 in Armour
  2338 | D:3      | Reached skill level 5 in Shields
  2338 | D:3      | Reached XP level 7. HP: 37/44 MP: 3/7
  2706 | D:3      | Slain by a small abomination

Illustrated notes

Levels and vault maps discovered:
D:1:      tarquinn_simple_flora_water_b, layout_loops_cross,
          hellmonk_ecumenical_altar_heavens_door
D:2:      layout_loops_corners, serial_shops, shop, amcnicky_mini_pool_small,
          chequers_jeans, uniq_sigmund
D:3:      minmay_chambers_of_threes, layout_basic,
          gammafunk_ghost_abyssal_escape

Skill      XL: |  1  2  3  4  5  6 |
---------------+-------------------+-----
Fighting       | 4 5 |  5.4
Maces & Flails | 3 4 |  4.5
Armour         | 4 5 |  5.0
Shields        | 4 5 |  5.0

Action                     |  1- 3 |  4- 6 |  7- 9 || total
---------------------------+-------+-------+-------++-------
  Melee: Flail             |    73 |    38 |       ||   111
         Morningstar       |       |    29 |    46 ||    75
  Throw: Javelin           |       |     2 |       ||     2
    Use: Potion            |     1 |     1 |     1 ||     3
         Scroll            |       |     3 |     1 ||     4
 Armour: Scale mail        |    43 |    57 |    38 ||   138
         Chain mail        |       |       |     2 ||     2
  Dodge: Dodged            |    46 |    37 |    27 ||   110
  Block: Buckler           |    14 |    18 |    18 ||    50
